Map: Acropolis LE

Players

Mez

  • Race: Terran Terran
  • League: Master
  • Spawn Location: 11:00

A.I. 1 (Very Easy) - Winner!

  • Race: Zerg Zerg
  • Spawn Location: 5:00

VOD

Have the link to the VOD?

Description

Time

  • Played on: Aug. 25, 2019, 8:40 a.m.
  • Length: 8:59
Show
View Real Time Build Order
Export as new Build Order

Mez Terran 

Build Orders: Liberator Opening, Reaper Expand 

Get SALT Encoding   

  12  0:01  SCV  
  13  0:13  SCV  
  14  0:17  Supply Depot  
  14  0:25  SCV  
  15  0:39  SCV  
  15  0:40  Barracks  
  16  0:44  Refinery  
  16  0:51  SCV  
  17  1:03  SCV  
  18  1:16  SCV  
  19  1:28  Orbital Command, Reaper  
  20  1:40  Command Center  
  20  1:49  Supply Depot  
  20  1:54  SCV  
  21  1:59  Marine  
  22  2:06  SCV  
  23  2:12  Factory  
  23  2:14  Refinery  
  23  2:22  SCV, Barracks Reactor  
  24  2:38  SCV  
  25  2:54  SCV, Orbital Command  
  25  2:56  Starport  
  26  3:03  Hellion x2  
  30  3:06  SCV, Barracks Tech Lab  
  31  3:17  Liberator  
  31  3:18  SCV, Supply Depot  
  32  3:21  SCV  
  32  3:24  Hellion x2  
  37  3:36  SCV x2  
  37  3:40  Stimpack  
  42  3:47  Hellion  
  42  3:48  Hellion  
  46  3:53  SCV, Supply Depot  
  47  3:56  SCV  
  48  4:06  SCV  
  48  4:08  SCV  
  50  4:18  Command Center  
  50  4:20  SCV x2  
  52  4:31  Starport Reactor  
  52  4:32  Factory Reactor  
  52  4:33  Barracks  
  52  4:34  SCV x2  
  52  4:35  Barracks  
  54  4:41  Supply Depot  
  54  4:50  SCV x2  
  54  4:51  Marine  
  57  4:57  Engineering Bay  
  57  4:58  Engineering Bay  
  57  4:59  Refinery  
  57  5:00  Refinery  
  57  5:02  SCV x2  
  59  5:11  Marine  
  60  5:14  SCV x2  
  60  5:17  Factory Tech Lab  
  62  5:22  Marine x2  
  62  5:28  Terran Infantry Armor Level 1, Medivac x2, Terran Infantry Weapons Level 1  
  64  5:29  Marine  
  69  5:39  Orbital Command  
  69  5:40  Marine x4  
  73  5:43  Siege Tank  
  73  5:44  SCV x2  
  73  5:49  Supply Depot  
  78  5:51  Combat Shield  
  78  5:52  Marine  
  78  5:56  SCV  
  80  5:57  SCV  
  80  5:58  Marine  
  80  6:00  Orbital Command  
  80  6:03  Marine x3  
  85  6:10  Marine, SCV  
  87  6:16  Marine  
  87  6:18  Siege Tank, Supply Depot  
  88  6:19  Supply Depot  
  88  6:21  Marine, Supply Depot  
  88  6:25  Marine  
  93  6:36  Marine x2, Medivac x2  
  93  6:37  SCV x2  
  101  6:41  Marine x2  
  101  6:46  SCV  
  104  6:47  Barracks  
  104  6:48  Barracks, Supply Depot  
  104  6:49  Supply Depot  
  104  6:50  Marine  
  104  6:52  Siege Tank  
  104  6:53  SCV x2  
  110  7:00  SCV, Armory  
  111  7:02  Marine  
  111  7:03  Marine  
  111  7:05  SCV  
  111  7:06  Marine x2  
  111  7:07  SCV  
  117  7:14  Marine  
  117  7:15  SCV  
  119  7:17  SCV  
  119  7:20  Marine  
  119  7:21  Medivac x2  
  125  7:24  Siege Tank  
  125  7:29  SCV x2, Supply Depot  
  131  7:30  SCV  
  131  7:31  Supply Depot  
  131  7:32  Marine x2  
  131  7:35  Barracks Reactor x2  
  133  7:47  SCV x2  
  133  7:48  Factory  
  135  7:55  Marine x5, SCV, Refinery  
  135  7:56  Refinery  
  141  7:59  SCV x2  
  141  8:01  Supply Depot  
  143  8:07  SCV  
  143  8:11  Siege Tank, SCV  
  148  8:13  Marine x3  
  151  8:21  Marine  
  151  8:22  Marine x3, Command Center  
  151  8:26  Marine  
  156  8:29  Medivac  
  156  8:32  Factory Tech Lab  
  160  8:34  Marine  
  160  8:35  Marine x3  
  164  8:41  Supply Depot  
  164  8:45  Supply Depot  
  164  8:46  Barracks  
  164  8:47  Barracks  
  164  8:49  Barracks  
Show
View Real Time Build Order
Export as new Build Order

A.I. 1 (Very Easy) Zerg - Winner!

Build Orders: Pool First 

Get SALT Encoding   

  12  0:00  Drone  
  13  0:12  Overlord  
  13  0:16  Drone  
  14  0:35  Spawning Pool  
  13  0:37  Extractor  
  13  0:39  Drone  
  13  0:46  Drone  
  14  0:51  Overlord  
  14  1:22  Queen, Zergling x2  
  17  1:30  Roach Warren  
  16  1:33  Drone  
  16  1:39  Extractor  
  16  1:41  Zergling x2  
  16  1:42  Drone  
  18  1:55  Drone  
  18  2:00  Zergling x2  
  20  2:05  Drone  
  21  2:16  Drone  
  22  2:27  Drone  
  22  2:29  Overlord  
  23  2:34  Drone  
  24  2:41  Drone  
  25  4:06  Zergling x2  
  25  5:01  Drone  
  25  5:04  Queen  
  23  5:08  Drone  
  23  5:09  Zergling x2  
  20  5:15  Drone  
  20  5:23  Drone  
  20  5:28  Zergling x2  
  21  5:30  Drone  
  21  5:37  Drone  
  21  5:44  Drone  
  21  5:46  Zergling x2  
  20  5:51  Lair, Drone  
  19  5:58  Drone  
  20  6:05  Drone  
  21  6:13  Drone  
  21  6:15  Roach  
  24  6:20  Drone  
  25  6:42  Drone  
  26  6:49  Drone  
  26  6:50  Overlord  
  26  6:52  Overseer x2  
  27  6:55  Zergling x2  
  27  6:56  Drone  
  29  7:03  Drone  
  30  7:10  Drone  
  31  7:36  Ravager  
  32  7:37  Roach  
  32  7:44  Overlord, Overseer, Hatchery  
  34  7:45  Drone  
Tags
 
Add a new tag
Caveats
  • Supply blocks, unpowered buildings, or Contaminate may cause inaccurate times.
  • Supply counts are checked every 10 seconds.